← All builds
Tech / Armada / Economy first / OBSERVED BUILD

Standard tech

Armada Tech (Eco) build order · Supreme Isthmus

Rushes T2 by 4:15, gets Advanced Metal Extractor around 5:28, hands off T2 constructors to Geo and the team, then scales eco and supplies the team's T2 needs through the rest of the game.

Usually first T2 con to Geo (83%)

#eco #t2 #team support · 1579 distinct matches · 255 players · 58% of Armada Tech games · team won 53% of 1874 · Recently observed

HOW TO PLAY IT

Key timing: T2 factory by 4:15

  1. Open 3 mex and heavy wind to fund a fast T2 rush.
  2. Put down Bot Lab, planning to eat it for reclaim soon after.
  3. Get Advanced Bot Lab up, hitting the T2 factory rush timing.
  4. Upgrade mex to Advanced Metal Extractor to lock in team metal income.
  5. Eat Advanced Bot Lab and keep sending cons to Geo and Pond.

Phase by phase

TYPICAL OF ITS 1579 GAMES
  1. 1
  2. 2
  3. 3
  4. 4
PLAY THE OPENING

Follow the example game's first 6:00 step by step: what to build now, what comes next, and where it goes. At 1× it keeps pace with your own game.

  1. 1

    Up to the Bot Lab

    Economy
    • Metal Extractor3Mex
    • Wind Turbine4Wind
    Order
    1. Bot LabBot Lab after 3 mex, 4 winddone ~1:18, middle half 1:13–1:32

    Some games also: energy storage (31%)

    By 1:01 in all: 3 mex · 4 wind

    The example game in this phase · 3 steps
    1. Mex ×3
    2. Wind ×2
    3. Bot LabBot Labdone 1:07 · typical 1:18
  2. 2

    Bot Lab to Advanced Bot Lab

    Economy
    • Metal Extractor1Mex
    • Wind Turbine8Wind
    • Energy Storage1Energy storage
    Order
    1. Advanced Bot LabAdvanced Bot Lab after 4 mex, 12 wind, 3 con turretdone ~4:16, middle half 4:04–4:30
    Builders
    • Construction Turret3 Con turret
    • Lazarus3 Lazarus
    • Construction Bot2 Con bot
    • Construction Bot1 Con bot for allies

    Some games also: converter (36%)

    By 3:18 in all: 4 mex · 12 wind · 1 energy storage · 3 con turret

    The example game in this phase · 16 steps
    1. LazarusLazarus
    2. Wind ×2
    3. Construction BotCon bot
    4. Wind ×3
    5. Energy storage
    6. LazarusLazarus
    7. Con turret
    8. Wind
    9. Construction BotCon botfor Air
    10. Mex
    11. Wind
    12. LazarusLazarus
    13. Con turret
    14. Wind ×2
    15. LazarusLazarus
    16. Advanced Bot LabAdvanced Bot Labdone 3:59 · typical 4:16
  3. 3

    Advanced Bot Lab to 5:00

    Economy
    • Wind Turbine3Wind
    Order
    1. Bot LabEat Bot Lab
    Builders
    • Advanced Construction Bot1 T2 con bot for allies

    Some games also: converter (35%)

    By 5:00 in all: 4 mex · 15 wind · 1 converter · 1 energy storage · 3 con turret

    The example game in this phase · 4 steps
    1. Bot LabEat Bot Labreclaimed for its metal
    2. Advanced Construction BotT2 con botfor Geo
    3. Advanced Metal ExtractorT2 mexdone 5:01 · typical 5:29
    4. Advanced Construction BotT2 con botfor Air
  4. 4

    5:00 to 10:00

    Economy
    • Wind Turbine43Wind
    • Energy Converter6Converter
    Builders
    • Butler9 Butler
    • Advanced Construction Bot4 T2 con bot for allies
    • Advanced Construction Bot1 T2 con bot

    Some games also: con turret (43%) · Butler for allies (36%)

    By 10:00 in all: 4 mex · 58 wind · 8 converter · 1 energy storage · 3 con turret

    The example game in this phase · 215 steps
    1. Advanced Metal ExtractorT2 mex ×2
    2. Advanced Construction BotT2 con botfor Suicide front
    3. ButlerButler ×2
    4. Advanced Metal ExtractorT2 mex
    5. ButlerButler ×2
    6. Wind ×2
    7. ButlerButler
    8. Wind
    9. ButlerButler
    10. Wind ×3
    11. ButlerButler
    12. Wind ×2
    13. ButlerButler
    14. Wind ×4
    15. ButlerButler
    16. Wind
    17. Advanced Construction BotT2 con botfor Geo sea
    18. Wind ×8
    19. ButlerButler
    20. Advanced Construction BotT2 con botfor Pond
    21. Wind ×8
    22. ButlerButler
    23. Wind ×6
    24. ButlerButler
    25. Wind ×8
    26. ButlerButler
    27. Wind ×2
    28. Converter
    29. Wind ×3
    30. ButlerButler
    31. Wind ×4
    32. Converter
    33. ButlerButler
    34. Wind ×4
    35. ButlerButler
    36. Wind
    37. Converter
    38. Wind ×5
    39. Converter ×2
    40. Wind ×4
    41. PlatypusPlatypus
    42. Wind ×4
    43. Converter
    44. Wind
    45. Converter
    46. Wind
    47. PlatypusPlatypus
    48. Wind ×4
    49. Converter
    50. Wind
    51. Converter
    52. Wind ×2
    53. PlatypusPlatypus
    54. Wind ×3
    55. Converter ×2
    56. Wind ×5
    57. PlatypusPlatypus
    58. Converter
    59. Wind ×3
    60. Converter
    61. Wind ×5
    62. PlatypusPlatypus
    63. Wind
    64. Converter ×2
    65. Advanced Construction BotT2 con botfor Beach sea
    66. Wind ×6
    67. Converter
    68. Wind
    69. Converter
    70. Wind ×7
    71. PlatypusPlatypus
    72. Wind
    73. Converter ×2
    74. Wind ×5
    75. PlatypusPlatypus
    76. Wind ×3
    77. Converter
    78. Wind
    79. Converter
    80. Wind ×2
    81. PlatypusPlatypus
    82. Wind ×4
    83. Converter
    84. Wind ×2
    85. Converter
    86. Wind ×2
    87. PlatypusPlatypus
    88. Wind ×5
    89. Converter
    90. Wind
    91. Converter
    92. PlatypusPlatypus
    93. Wind ×5
    94. Converter
    95. Wind ×2
    96. Converter
    97. Wind ×2
    98. PlatypusPlatypus
    99. Wind ×5
    100. Converter
    101. Wind
    102. PlatypusPlatypus
    103. Wind
    104. Converter
    105. Wind ×4
    106. PlatypusPlatypus
    107. Wind ×2
    108. Converter
    109. Wind ×2
    110. Converter
    111. Wind
    112. PlatypusPlatypus
    113. Wind ×3
    114. Converter
    115. Wind ×2
    116. PlatypusPlatypus
    117. Wind ×3
    118. Converter
    119. Wind ×3
    120. PlatypusPlatypus
    121. Converter
    122. Wind ×4
    123. Converter
    124. Wind ×2
    125. PlatypusPlatypus
    126. Converter
    127. Wind ×4
    128. Converter
    129. Wind
    130. PlatypusPlatypus
    131. Wind ×2
    132. Converter
    133. Wind ×3
    134. Converter
    135. Wind ×2
    136. PlatypusPlatypus
    137. Wind ×3
    138. Converter
    139. Wind ×3
    140. Converter
    141. PlatypusPlatypus
    142. Wind ×5
    143. Converter
    144. PlatypusPlatypus
    145. Wind ×3
    146. Converter
    147. Wind ×2
    148. ButlerButler
    149. Wind ×3
    150. Converter
    151. Wind ×2
    152. ButlerButler
    153. Converter
    154. Wind ×5
    155. Converter
    156. Wind ×2
    157. Advanced Construction BotT2 con bot
    158. Wind
    159. Converter
    160. Wind ×7
    161. Converter
    162. Advanced Construction BotT2 con bot
    163. Wind
    164. Converter
    165. Wind ×6
    166. Converter
    167. Wind ×3
    168. Converter
    169. Wind ×4
    170. Converter
    171. Wind
    172. Con turret
    173. Wind ×4
    174. Converter
    175. Wind ×5
    176. Converter
    177. CitadelAnti-nukenot finished by 15:00
    178. Wind
    179. Con turret
    180. Wind ×3
    181. Converter
    182. Wind ×5
    183. Con turret
    184. Wind
    185. Converter
    186. Wind
    187. Converter
    188. Wind ×5
    189. Con turret
    190. Wind ×2
    191. WelderWelder
    192. Wind
    193. Converter
    194. Wind ×2
    195. Con turret
    196. Wind ×2
    197. Converter
    198. Con turret
    199. Wind ×5
    200. Con turret
    201. Wind
    202. Converter
    203. Wind ×2
    204. Con turret
    205. Wind ×2
    206. Converter
    207. Wind
    208. Con turret
    209. Wind ×4
    210. Con turret
    211. Wind
    212. Converter
    213. Wind ×5
    214. Converter
    215. Wind ×3

Counts are medians over the build's games: half of them build more, half fewer. The example game is CookieTwoStep's (31 OS, 01/09/2026); pick another.

Team trades

IN AT LEAST 30% OF ITS GAMES

You hand over

  • Construction Bot1 Con bot to Airfirst at 2:23 · in 84% of games
  • Advanced Construction Bot5 T2 con bot to Air or Geo sea or Pondfirst at 4:50 · in 99% of games
  • Butler2 Butler to Geo sea or Beach sea or Pondfirst at 9:07 · in 42% of games

You get

  • Hercules1 Light transport from Airfirst at 4:01 · in 86% of games

How it plays out

Typical game of this build, running totals by minute

Metal produced

020k40k
0:005:0010:0015:00

metal

Enemy metal destroyed

050100
0:005:0010:0015:00

metal

Own metal lost

050100150
0:005:0010:0015:00

metal

1874 games.

Show as table
ByMetal produced: This buildEnemy metal destroyed: This buildOwn metal lost: This build
1:0038300
2:0091500
3:00165100
4:00314400
5:00484700
6:00580000
7:00722700
8:00906100
9:001117300
10:001350300
11:001624200
12:001965600
13:002344500
14:0027362073
15:003154285130
WHAT THE NUMBERS SAY

Standard Tech play barely fights at all early, instead pouring metal into T2 infrastructure and constructors for the team.

  • + Metal produced hits 31679 by 15:00, by far the highest of any role here.
  • + T2 factory reached in 97% of games by 4:15, fastest and most reliable T2 timing.
  • − Enemy metal destroyed stays at 0 through 10:00, no early offense at all.
  • − Own metal lost also near 0, showing total avoidance of combat risk.
THE EXAMPLE YOU ARE READING

CookieTwoStep

30.6 OS · 01/09/2026

Open source match ↗

2 received units
1268 metal received · 172075 energy received

Allied construction assistance is unknown. Timings are observations, not a promise of solo reproducibility.

Typical milestones

Bot Lab1:18Middle 50%: 1:13–1:32 · n=1874
Advanced Bot Lab4:16Middle 50%: 4:04–4:30 · n=1867
Advanced Metal Extractor5:29Middle 50%: 5:05–5:59 · n=1870

Played most by

Amrissa93games of this buildTheGeneraI66games of this buildAdeus57games of this buildEl_Turco56games of this buildKOT_43games of this build